 Dungeon Crawl Stone Soup version 0.30-a0-715-gdb4ae3ece1 (webtiles) character file.

Game seed: 16333128744076691444

59 bjtr the Digger (level 4, 0/25 HPs)
             Began as a Gargoyle Earth Elementalist on Jan 24, 2023.
             Killed by divine providence
             ... invoked by an orc priest
              (14 damage)
             ... on level 3 of the Dungeon.
             The game lasted 00:05:30 (1110 turns).

bjtr the Digger (Gargoyle Earth Elementalist)       Turns: 1110, Time: 00:05:31

Health: 0/25       AC:  7    Str: 11    XL:     4   Next: 3%
Magic:  5/7        EV: 11    Int: 18    God:
Gold:   116        SH:  0    Dex: 10    Spells: 7/8 levels left

rFire   + . .      SeeInvis .    e - +0 hand axe
rCold   + . .      Faith    .    (no shield)
rNeg    + + .      Spirit   .    l - +0 leather armour
rPois   ∞          Reflect  .    f - +0 helmet
rElec   +          Harm     .    m - scarf {rC+ rF+}
rCorr   .          Rampage  .    (no gloves)
Will    .....                    (no boots)
Stlth   ++                       (no amulet)
HPRegen 0.24/turn                o - ring of positive energy
MPRegen 0.10/turn                (no ring)

@: no status effects
A: sickness immunity, AC +3, negative energy resistance 1, electricity
resistance, torment resistance 1, petrification resistance
a: no special abilities


You were on level 3 of the Dungeon.
You visited 1 branch of the dungeon, and saw 3 of its levels.

You collected 116 gold pieces.

Inventory:

Hand Weapons
 c - a +0 dagger
 e - a +0 hand axe (weapon)
Armour
 a - a +0 robe
 f - a +0 helmet (worn)
 k - a +0 cloak
 l - a +0 leather armour (worn)
 m - a scarf of resistance (worn)
Jewellery
 o - a ring of positive energy (left hand)
Scrolls
 d - a scroll of acquirement {unknown}
 g - 2 scrolls of identify {unknown}
 j - a scroll of enchant armour {unknown}
 n - a scroll of magic mapping {unknown}
Potions
 b - 3 potions of magic
 h - a potion of flight {unknown}
 i - a potion of degeneration {unknown}


   Skills:
 * Level 1.0 Fighting
 * Level 0.5 Armour
 + Level 1.7 Dodging
 + Level 2.2 Stealth
 * Level 2.5 Spellcasting
 - Level 0.7 Transmutations
 * Level 4.8 Earth Magic


You had 7 spell levels left.
You knew the following spells:

 Your Spells              Type           Power      Damage    Failure   Level
a - Sandblast             Erth           38%        2d10      3%          1

Your spell library contained the following spells:

 Spells                   Type           Power      Damage    Failure   Level
 Passwall                 Tmut/Erth      10%        N/A       11%         2
 Stone Arrow              Conj/Erth      22%        3d8       26%         3
 Petrify                  Tmut/Erth      12%        N/A       56%         4


Dungeon Overview and Level Annotations

Branches:
Dungeon (3/15)

Altars:


Innate Abilities, Weirdness & Mutations

You are immune to sickness and miasma.
Your stone body is resilient. (AC +3)
You are immune to poison.
You resist negative energy. (rN+)
You are resistant to electric shocks. (rElec)
You are resistant to unholy torment.
You are immune to petrification.


Message History

Confirm with . or Enter, or press ? or * to list all spells.
Aiming: Sandblast (safe; 3% risk of failure)
Press: ? - help, Shift-Dir - straight line, f - rat
Aim: a rat (asleep, 100% to hit)
The blast of sand hits the rat.
You kill the rat!
You see here a +0 club.
An orc comes into view. It is wielding a +0 dagger of speed.
The orc shouts!
You hear a shout!
An orc comes into view. It is wielding a +0 club.
An orc priest comes into view. It is wielding a +0 club.
An orc comes into view. It is wielding a +0 whip.
Casting: Sandblast (safe; 3% risk of failure)
Confirm with . or Enter, or press ? or * to list all spells.
Aiming: Sandblast (safe; 3% risk of failure)
Press: ? - help, Shift-Dir - straight line, f - orc
Aim: an orc, wielding a +0 dagger of speed and wearing a +0 ring mail (84% to hit)
The blast of sand hits the orc.
The orc is heavily wounded.
The orc shouts!
The orc priest shouts!
An orc comes into view. It is wielding a +1 hand axe of venom.
The orc hits you with a +0 dagger of speed.
The orc moves out of view.
The orc priest mumbles some strange prayers to Beogh against you.
Beogh smites you!
You see here a +0 club.
The orc attacks as you move away! The orc hits you but does no damage.
The orc attacks as you move away! The orc hits you but does no damage.
Casting: Sandblast (safe; 3% risk of failure)
Confirm with . or Enter, or press ? or * to list all spells.
Aiming: Sandblast (safe; 3% risk of failure)
Press: ? - help, Shift-Dir - straight line, f - orc, p - orc
Aim: an orc, wielding a +0 club and wearing a +0 leather armour (82% to hit)
The blast of sand hits the orc but does no damage.
The orc is heavily wounded.
The orc barely misses you.
The orc priest invokes the aid of Beogh against you.
Beogh smites you!
Ouch! That really hurt!
You die...

#.# #.# #.# ##.#
##..### ##.....#
##.8..#.#####
#+##...o..oo@.<#
......o..#######
..########


You could see an orc priest and 3 orcs.

Vanquished Creatures
  An adder (D:2)
  A worm (D:2)
  A dart slug (D:2)
  8 ball pythons
  6 bats (D:2)
  2 endoplasms (D:1)
  3 giant cockroaches
  4 goblins
  4 hobgoblins (D:1)
  A quokka (D:2)
  3 kobolds
  7 rats
41 creatures vanquished.

Notes
Turn   | Place    | Note
-------+----------+-------------------------------------------
     0 | D:1      | bjtr the Gargoyle Earth Elementalist began the quest for
                  | the Orb.
     0 | D:1      | Reached XP level 1. HP: 10/10 MP: 3/3
   145 | D:1      | Reached XP level 2. HP: 16/16 MP: 1/5
   199 | D:1      | Reached skill level 4 in Earth Magic
   526 | D:2      | Reached XP level 3. HP: 20/20 MP: 0/6
   740 | D:2      | Reached skill level 1 in Fighting
   952 | D:2      | Reached XP level 4. HP: 25/25 MP: 5/7
  1110 | D:3      | Killed from afar by an orc priest

Illustrated notes

Levels and vault maps discovered:
D:1:      lemuel_arrival_behind_the_door_large, layout_rooms
D:2:      layout_rooms, minmay_tiny_reverse_x
D:3:      layout_basic, kennysheep_vampire_church,
          nicolae_overflow_ecumenical_swirl, minmay_misc_feat_square,
          skrybe_limestone_x

Skill      XL: |  1  2  3 |
---------------+----------+-----
Earth Magic    | 4 |  4.8
Fighting       | 1 |  1.0
Armour         | |  0.5
Dodging        | |  1.7
Stealth        | |  2.2
Spellcasting   | |  2.5
Transmutations | |  0.7

Action                     |  1- 3 |  4- 6 || total
---------------------------+-------+-------++-------
  Melee: Hand axe          |    13 |       ||    13
   Cast: Sandblast         |    41 |     5 ||    46
 Armour: Robe              |    11 |       ||    11
         Leather armour    |     4 |     2 ||     6
  Dodge: Dodged            |    18 |     1 ||    19

Table legend: (Time is in decaauts)
 A = Elapsed time spent in this place.
 B = Non-inter-level travel time spent in this place.
 C = Inter-level travel time spent in this place.
 D = Time resting spent in this place.
 E = Time spent auto-exploring this place.
 F = Levels seen in this place.
 G = Mean time per level.
                   A        B        C        D        E       F      G
               +--------+--------+--------+--------+--------+-----+--------+
         Total |   1134 |   1107 |     27 |     70 |    711 |   3 |  378.0 |
       Dungeon |   1134 |   1107 |     27 |     70 |    711 |   3 |  378.0 |
               +--------+--------+--------+--------+--------+-----+--------+

Top non-repeatable levels by time:
     D:2: 590 daAuts
     D:1: 528 daAuts
     D:3: 15 daAuts
